[Event "23rd Hogeschool Zeeland Open 2019"]
[Site "Vlissingen"]
[Date "2019.08.05"]
[Round "4.16"]
[White "Elgersma, Onno"]
[Black "Le Clercq, Maxim"]
[Result "1-0"]
[ECO "C87"]
[WhiteElo "2232"]
[BlackElo "1930"]
[Annotator "ChessBase"]
[PlyCount "55"]
[EventDate "2019.08.03"]
[EventType "swiss"]
[EventCountry "NED"]
[SourceTitle "playchess.com"]
[Source "ChessBase"]
[SourceQuality "1"]
[TimeControl "40/5400+30:1800+30"]

1. e4 e5 2. Nf3 Nc6 3. Bb5 a6 4. Ba4 Nf6 5. d3 d6 6. c3 Be7 7. O-O O-O 8. Re1 b5 9. Bc2 Bg4 10. Nbd2 d5 11. h3 Bh5 12. Qe2 Qd7 13. Nf1 d4 14. Ng3 Bxf3 15. Qxf3 dxc3 16. bxc3 b4 17. Ba4 g6 18. Bg5 Qd6 19. d4 exd4 20. Bxc6 Qxc6 21. cxd4 Rfe8 22. Rac1 Qb6 23. e5 Nd5 24. Bxe7 Nxe7 25. d5 Rad8 26. Red1 Qb7 27. Ne4 Rf8 28. d6 1-0

[Event "23rd Hogeschool Zeeland Open 2019"]
[Site "Vlissingen"]
[Date "2019.08.06"]
[Round "5.1"]
[White "Werle, Jan"]
[Black "Kamsky, Gata"]
[Result "1/2-1/2"]
[ECO "D11"]
[WhiteElo "2555"]
[BlackElo "2673"]
[Annotator "ChessBase"]
[PlyCount "36"]
[EventDate "2019.08.03"]
[EventType "swiss"]
[EventCountry "NED"]
[SourceTitle "playchess.com"]
[Source "ChessBase"]
[SourceQuality "1"]
[TimeControl "40/5400+30:1800+30"]

1. d4 d5 2. c4 c6 3. Nf3 Nf6 4. e3 Bg4 5. h3 Bxf3 6. Qxf3 e6 7. Nc3 Nbd7 8. Bd3 g6 9. O-O Bg7 10. cxd5 Nxd5 11. Rd1 O-O 12. e4 N5b6 13. Bf1 Qe7 14. a4 a5 15. b3 Rfd8 16. Ba3 Qf6 17. Qg3 e5 18. d5 Bf8 1/2-1/2

[Event "23rd Hogeschool Zeeland Open 2019"]
[Site "Vlissingen"]
[Date "2019.08.06"]
[Round "5.4"]
[White "Ikonnikov, Vyacheslav"]
[Black "Nebolsina, Vera"]
[Result "1-0"]
[ECO "A27"]
[WhiteElo "2499"]
[BlackElo "2269"]
[Annotator "ChessBase"]
[PlyCount "43"]
[EventDate "2019.08.03"]
[EventType "swiss"]
[EventCountry "NED"]
[SourceTitle "playchess.com"]
[Source "ChessBase"]
[SourceQuality "1"]
[TimeControl "40/5400+30:1800+30"]

1. Nf3 g6 2. c4 Bg7 3. Nc3 e5 4. d4 exd4 5. Nxd4 Nc6 6. Nxc6 bxc6 7. g3 Bxc3+ 8. bxc3 Qf6 9. Qd3 Ba6 10. Bh3 d6 11. Be3 Qe7 12. Bd4 f6 13. Qf3 d5 14. cxd5 cxd5 15. O-O Rd8 16. Rfe1 Bb7 17. Rab1 Ba8 18. Rb5 h5 19. Ra5 h4 20. Rxa7 Rh5 21. Bg4 Rh7 22. Rxa8 1-0

[Event "23rd Hogeschool Zeeland Open 2019"]
[Site "Vlissingen"]
[Date "2019.08.06"]
[Round "5.5"]
[White "Van Baar, Esper"]
[Black "Harika, Dronavalli"]
[Result "0-1"]
[ECO "C07"]
[WhiteElo "2108"]
[BlackElo "2492"]
[Annotator "RC"]
[PlyCount "80"]
[EventDate "2019.08.03"]
[EventType "swiss"]
[EventCountry "NED"]
[SourceTitle "playchess.com"]
[Source "ChessBase"]
[SourceQuality "1"]
[TimeControl "40/5400+30:1800+30"]

1. e4 e6 2. d4 d5 3. Nd2 c5 4. Ngf3 cxd4 5. exd5 Qxd5 6. Bc4 Qd7 7. O-O Nc6 8. Nb3 Nf6 9. Nbxd4 Nxd4 10. Nxd4 a6 11. Re1 Bc5 12. Be3 O-O 13. Nf3 Qc7 14. Bb3 b5 15. Bxc5 Qxc5 16. Qd4 Qxd4 17. Nxd4 Bb7 18. c3 Rfd8 19. Red1 g6 20. a4 bxa4 21. Rxa4 Rab8 22. Rb4 Ba8 23. Rxb8 Rxb8 24. Bc4 Rxb2 25. Bxa6 Kg7 26. f3 e5 27. Ne2 e4 28. fxe4 Nxe4 29. Rc1 Rd2 30. Kf1 Kh6 31. Ke1 Rb2 32. Rd1 Nc5 33. Bc4 Bxg2 34. Bxf7 Bf3 35. Bc4 Ne4 36. Rc1 Kg5 37. Nd4 Kf4 38. Nxf3 Kxf3 39. Bd5 Rxh2 40. Bc4 Rh1+ 0-1

[Event "23rd Hogeschool Zeeland Open 2019"]
[Site "Vlissingen"]
[Date "2019.08.06"]
[Round "5.10"]
[White "De Jong, Migchiel"]
[Black "Reichardt, Gert"]
[Result "1-0"]
[ECO "E08"]
[WhiteElo "2345"]
[BlackElo "1987"]
[Annotator "NA"]
[PlyCount "57"]
[EventDate "2019.08.03"]
[EventType "swiss"]
[EventCountry "NED"]
[SourceTitle "playchess.com"]
[Source "ChessBase"]
[SourceQuality "1"]
[TimeControl "40/5400+30:1800+30"]

1. Nf3 Nf6 2. c4 e6 3. g3 d5 4. Bg2 c6 5. b3 Nbd7 6. Bb2 Be7 7. O-O b6 8. Nc3 Bb7 9. d4 O-O 10. Qc2 Rc8 11. Rad1 Ba6 12. Nd2 Qc7 13. e4 dxe4 14. Rfe1 c5 15. d5 exd5 16. cxd5 Bd3 17. Qc1 c4 18. Nxc4 Bxc4 19. bxc4 Bb4 20. Rd4 Bc5 21. d6 Qb8 22. Rdd1 e3 23. fxe3 Bxd6 24. Nb5 Bc5 25. Qc3 Rfe8 26. Rxd7 Rxe3 27. Rxe3 Re8 28. Rd4 a6 29. Na3 1-0

[Event "23rd Hogeschool Zeeland Open 2019"]
[Site "Vlissingen"]
[Date "2019.08.06"]
[Round "5.11"]
[White "Mijnster, Niels"]
[Black "Elgersma, Onno"]
[Result "0-1"]
[ECO "D02"]
[WhiteElo "2089"]
[BlackElo "2232"]
[Annotator "RC"]
[PlyCount "96"]
[EventDate "2019.08.03"]
[EventType "swiss"]
[EventCountry "NED"]
[SourceTitle "playchess.com"]
[Source "ChessBase"]
[SourceQuality "1"]
[TimeControl "40/5400+30:1800+30"]

1. d4 Nf6 2. Bf4 d5 3. e3 e6 4. Nd2 c5 5. c3 Nc6 6. Ngf3 cxd4 7. exd4 Nh5 8. Bg5 f6 9. Bh4 Bd6 10. Bb5 O-O 11. O-O g6 12. Re1 a6 13. Bf1 b5 14. a4 Rb8 15. b4 g5 16. Bg3 Nxg3 17. hxg3 g4 18. Nh4 f5 19. axb5 axb5 20. Nb3 Qg5 21. Qd2 f4 22. Nc5 Qf6 23. Qd3 Rf7 24. Ra2 Kg7 25. Rae2 Nd8 26. Ra2 h5 27. Kh1 Kh6 28. Raa1 Kg7 29. Be2 Rb6 30. Rf1 Bb8 31. Rae1 Nc6 32. Bd1 Ne7 33. Bc2 Kh6 34. Ra1 Nf5 35. Nxf5+ exf5 36. Rfe1 fxg3 37. fxg3 f4 38. Re8 fxg3 39. Kg1 Qf2+ 40. Kh1 Qf6 41. Kg1 Qf2+ 42. Kh1 Bf5 43. Re2 Bxd3 44. Rxf2 gxf2 45. Bxd3 Re7 46. Rf1 Bg3 47. Nb3 Re1 48. Nc1 Rbe6 0-1

[Event "23rd Hogeschool Zeeland Open 2019"]
[Site "Vlissingen"]
[Date "2019.08.06"]
[Round "5.12"]
[White "Van Liempt, Michael"]
[Black "Afek, Yochanan"]
[Result "1/2-1/2"]
[ECO "E57"]
[WhiteElo "2091"]
[BlackElo "2253"]
[Annotator "ChessBase"]
[PlyCount "53"]
[EventDate "2019.08.03"]
[EventType "swiss"]
[EventCountry "NED"]
[SourceTitle "playchess.com"]
[Source "ChessBase"]
[SourceQuality "1"]
[TimeControl "40/5400+30:1800+30"]

1. d4 Nf6 2. Nf3 d5 3. c4 dxc4 4. e3 c5 5. Bxc4 cxd4 6. exd4 e6 7. O-O Be7 8. Nc3 O-O 9. Re1 a6 10. a3 b5 11. Ba2 Bb7 12. Bg5 Nc6 13. Rc1 Rc8 14. Bb1 b4 15. Qd3 g6 16. Na4 Nd5 17. Bh6 Re8 18. Nc5 Ba8 19. Nxa6 bxa3 20. bxa3 Qd6 21. Nc5 Red8 22. Ba2 Nf4 23. Qe3 Nd5 24. Qd2 Bf8 25. Bxf8 Qxf8 26. Re4 Nxd4 27. Rxd4 1/2-1/2

[Event "23rd Hogeschool Zeeland Open 2019"]
[Site "Vlissingen"]
[Date "2019.08.07"]
[Round "6.3"]
[White "Harika, Dronavalli"]
[Black "Werle, Jan"]
[Result "1/2-1/2"]
[ECO "E32"]
[WhiteElo "2492"]
[BlackElo "2555"]
[Annotator "ChessBase"]
[PlyCount "34"]
[EventDate "2019.08.03"]
[EventType "swiss"]
[EventCountry "NED"]
[SourceTitle "playchess.com"]
[Source "ChessBase"]
[SourceQuality "1"]
[TimeControl "40/5400+30:1800+30"]

1. d4 Nf6 2. c4 e6 3. Nc3 Bb4 4. Qc2 O-O 5. e4 d5 6. e5 Ne4 7. Bd3 c5 8. Nge2 cxd4 9. Nxd4 Nd7 10. Bf4 Qh4 11. g3 Qh5 12. O-O g5 13. cxd5 Bxc3 14. bxc3 exd5 15. Bxe4 dxe4 16. e6 gxf4 17. exd7 Bxd7 1/2-1/2

[Event "23rd Hogeschool Zeeland Open 2019"]
[Site "Vlissingen"]
[Date "2019.08.07"]
[Round "6.4"]
[White "Hausrath, Daniel"]
[Black "Romanishin, Oleg M"]
[Result "1/2-1/2"]
[ECO "D02"]
[WhiteElo "2468"]
[BlackElo "2443"]
[Annotator "ChessBase"]
[PlyCount "27"]
[EventDate "2019.08.03"]
[EventType "swiss"]
[EventCountry "NED"]
[SourceTitle "playchess.com"]
[Source "ChessBase"]
[SourceQuality "1"]
[TimeControl "40/5400+30:1800+30"]

1. Nf3 Nf6 2. g3 g6 3. Bg2 Bg7 4. O-O O-O 5. d4 d5 6. Be3 c6 7. Qc1 Bg4 8. c4 dxc4 9. Qxc4 Nd5 10. Nc3 Nxe3 11. fxe3 Nd7 12. Rad1 Nb6 13. Qd3 Bxf3 14. Bxf3 1/2-1/2

[Event "23rd Hogeschool Zeeland Open 2019"]
[Site "Vlissingen"]
[Date "2019.08.07"]
[Round "6.6"]
[White "Leenhouts, Koen"]
[Black "Wunnink, Michael"]
[Result "1/2-1/2"]
[ECO "E20"]
[WhiteElo "2426"]
[BlackElo "2214"]
[Annotator "ChessBase"]
[PlyCount "66"]
[EventDate "2019.08.03"]
[EventType "swiss"]
[EventCountry "NED"]
[SourceTitle "playchess.com"]
[Source "ChessBase"]
[SourceQuality "1"]
[TimeControl "40/5400+30:1800+30"]

1. d4 Nf6 2. c4 e6 3. Nc3 Bb4 4. f3 c5 5. d5 b5 6. e4 d6 7. Bg5 O-O 8. a4 bxc4 9. Bxc4 Ba6 10. Bxa6 Nxa6 11. Nge2 h6 12. Bxf6 Qxf6 13. dxe6 Qxe6 14. O-O Bxc3 15. bxc3 Nc7 16. Qd3 Rab8 17. Rfd1 Rfd8 18. Rab1 Rxb1 19. Rxb1 Qa2 20. f4 Ne6 21. c4 Qxa4 22. f5 Nd4 23. Nxd4 cxd4 24. Qxd4 Qc2 25. Re1 Rb8 26. Qxd6 Rb1 27. Rxb1 Qxb1+ 28. Kf2 Qxe4 29. c5 Qxf5+ 30. Ke3 Qg5+ 31. Kf3 Qf5+ 32. Ke3 Qg5+ 33. Kf3 Qf5+ 1/2-1/2

[Event "23rd Hogeschool Zeeland Open 2019"]
[Site "Vlissingen"]
[Date "2019.08.07"]
[Round "6.7"]
[White "Stillger, Bernhard"]
[Black "Zwirs, Nico"]
[Result "1/2-1/2"]
[ECO "E04"]
[WhiteElo "2199"]
[BlackElo "2380"]
[Annotator "ChessBase"]
[PlyCount "42"]
[EventDate "2019.08.03"]
[EventType "swiss"]
[EventCountry "NED"]
[SourceTitle "playchess.com"]
[Source "ChessBase"]
[SourceQuality "1"]
[TimeControl "40/5400+30:1800+30"]

1. d4 d5 2. c4 e6 3. Nf3 Nf6 4. g3 dxc4 5. Bg2 c6 6. Ne5 c5 7. Be3 Nd5 8. dxc5 Nxe3 9. Qxd8+ Kxd8 10. fxe3 Ke8 11. Nd2 Bxc5 12. Ndxc4 Nd7 13. Nd3 Rb8 14. Nxc5 Nxc5 15. Rc1 Bd7 16. Nd6+ Ke7 17. Nxf7 Kxf7 18. Rxc5 Rhc8 19. Rxc8 Rxc8 20. Kd2 Bc6 21. Bxc6 Rxc6 1/2-1/2

[Event "23rd Hogeschool Zeeland Open 2019"]
[Site "Vlissingen"]
[Date "2019.08.07"]
[Round "6.8"]
[White "Duchene, Rene"]
[Black "De Jong, Migchiel"]
[Result "0-1"]
[ECO "D02"]
[WhiteElo "2157"]
[BlackElo "2345"]
[Annotator "ChessBase"]
[PlyCount "51"]
[EventDate "2019.08.03"]
[EventType "swiss"]
[EventCountry "NED"]
[SourceTitle "playchess.com"]
[Source "ChessBase"]
[SourceQuality "1"]
[TimeControl "40/5400+30:1800+30"]

1. d4 e6 2. Bf4 c5 3. e3 Nf6 4. Nf3 d5 5. c3 Bd6 6. Bg3 Qc7 7. Nbd2 Nbd7 8. c4 Bxg3 9. hxg3 dxc4 10. Nxc4 O-O 11. Rc1 b5 12. Na3 Qa5+ 13. Qd2 Qxd2+ 14. Kxd2 a6 15. Bd3 c4 16. Bb1 Bb7 17. Rh4 Rfd8 18. Ke2 h6 19. Rch1 Rac8 20. g4 Kf8 21. Ne1 b4 22. Nac2 a5 23. Na1 Nb6 24. f4 c3 25. bxc3 Nbd5 26. Kd3 0-1

[Event "23rd Hogeschool Zeeland Open 2019"]
[Site "Vlissingen"]
[Date "2019.08.07"]
[Round "6.12"]
[White "Afek, Yochanan"]
[Black "Merbis, Max"]
[Result "1/2-1/2"]
[ECO "C47"]
[WhiteElo "2253"]
[BlackElo "2103"]
[Annotator "ChessBase"]
[PlyCount "75"]
[EventDate "2019.08.03"]
[EventType "swiss"]
[EventCountry "NED"]
[SourceTitle "playchess.com"]
[Source "ChessBase"]
[SourceQuality "1"]
[TimeControl "40/5400+30:1800+30"]

1. e4 e5 2. Nf3 Nc6 3. d4 exd4 4. Nxd4 Nf6 5. Nc3 Bb4 6. Nxc6 bxc6 7. Bd3 d5 8. exd5 cxd5 9. O-O O-O 10. Bg5 c6 11. Ne2 Bd6 12. Nd4 Bd7 13. Qf3 Be5 14. Nf5 Re8 15. c3 Qc7 16. Nh6+ Kf8 17. Bxf6 Bxf6 18. Bxh7 Re4 19. Bxe4 dxe4 20. Qxe4 gxh6 21. Rfe1 Re8 22. Qd3 Rxe1+ 23. Rxe1 Be6 24. h3 c5 25. Qf3 Kg7 26. Qa8 Bg5 27. Rd1 c4 28. Re1 Qb6 29. Re2 Qd6 30. Qe4 Qd3 31. Qe5+ Bf6 32. Qg3+ Kh7 33. Qe3 Bg5 34. Qe4+ Bf5 35. Qe8 Be6 36. Rxe6 fxe6 37. Qf7+ Kh8 38. Qf8+ 1/2-1/2

[Event "23rd Hogeschool Zeeland Open 2019"]
[Site "Vlissingen"]
[Date "2019.08.07"]
[Round "6.13"]
[White "Mityaev, Alexandr"]
[Black "Weber, Dirk"]
[Result "1-0"]
[ECO "D36"]
[WhiteElo "2087"]
[BlackElo "2227"]
[Annotator "ChessBase"]
[PlyCount "55"]
[EventDate "2019.08.03"]
[EventType "swiss"]
[EventCountry "NED"]
[SourceTitle "playchess.com"]
[Source "ChessBase"]
[SourceQuality "1"]
[TimeControl "40/5400+30:1800+30"]

1. d4 d5 2. c4 e6 3. Nc3 Nf6 4. cxd5 exd5 5. Bg5 c6 6. e3 Nbd7 7. Bd3 Be7 8. Qc2 O-O 9. Nge2 Re8 10. O-O Nf8 11. Rad1 g6 12. f3 Ne6 13. Bh4 Ng7 14. e4 Be6 15. e5 Nd7 16. Bxe7 Qxe7 17. g4 h5 18. h3 c5 19. Bb5 cxd4 20. Nxd4 Rec8 21. Bxd7 Qxd7 22. Qd2 a6 23. Qg5 Rd8 24. a4 Rac8 25. Kh2 Rc4 26. Rg1 Kh7 27. f4 Qc7 28. gxh5 1-0

[Event "23rd Hogeschool Zeeland Open 2019"]
[Site "Vlissingen"]
[Date "2019.08.07"]
[Round "6.14"]
[White "Volkers, Annemarie"]
[Black "Baarslag, Ed"]
[Result "0-1"]
[ECO "B14"]
[WhiteElo "1966"]
[BlackElo "2220"]
[Annotator "ChessBase"]
[PlyCount "46"]
[EventDate "2019.08.03"]
[EventType "swiss"]
[EventCountry "NED"]
[SourceTitle "playchess.com"]
[Source "ChessBase"]
[SourceQuality "1"]
[TimeControl "40/5400+30:1800+30"]

1. e4 g6 2. d4 c6 3. c4 d5 4. exd5 cxd5 5. Nc3 Nf6 6. Qb3 Bg7 7. cxd5 O-O 8. Be2 Na6 9. Bf3 e6 10. dxe6 Bxe6 11. Qxb7 Qa5 12. Qb5 Qxb5 13. Nxb5 Rab8 14. Na3 Nb4 15. Be2 Nxa2 16. Bd2 Ne4 17. Nf3 Nxd2 18. Nxd2 Bxd4 19. Nac4 Nb4 20. O-O Rfc8 21. Ra4 Rc7 22. b3 Nd5 23. g3 Nc3 0-1

[Event "23rd Hogeschool Zeeland Open 2019"]
[Site "Vlissingen"]
[Date "2019.08.07"]
[Round "6.15"]
[White "Cordes, Hans-Joerg"]
[Black "Van Liempt, Michael"]
[Result "1-0"]
[ECO "E45"]
[WhiteElo "2178"]
[BlackElo "2091"]
[Annotator "ChessBase"]
[PlyCount "67"]
[EventDate "2019.08.03"]
[EventType "swiss"]
[EventCountry "NED"]
[SourceTitle "playchess.com"]
[Source "ChessBase"]
[SourceQuality "1"]
[TimeControl "40/5400+30:1800+30"]

1. d4 Nf6 2. c4 e6 3. Nc3 Bb4 4. e3 b6 5. Nge2 Ba6 6. a3 Bxc3+ 7. Nxc3 d5 8. Qf3 c6 9. b3 Nbd7 10. Bb2 Rc8 11. g4 Bb7 12. g5 Ng8 13. cxd5 cxd5 14. Nb5 Rc2 15. Bc3 Rxc3 16. Nxc3 a6 17. h4 Ne7 18. Bd3 e5 19. Qe2 e4 20. Bc2 Qc7 21. Kd2 O-O 22. Rac1 Qd6 23. b4 f5 24. f4 exf3 25. Qxf3 b5 26. Qf4 Qe6 27. Rhf1 g6 28. Bb3 Nc8 29. Qc7 Ba8 30. Ne2 Re8 31. Rc3 Nd6 32. Nf4 Ne4+ 33. Kc2 Qf7 34. Rc6 1-0

[Event "23rd Hogeschool Zeeland Open 2019"]
[Site "Vlissingen"]
[Date "2019.08.08"]
[Round "7.1"]
[White "Van Wely, Loek"]
[Black "Kamsky, Gata"]
[Result "1/2-1/2"]
[ECO "D15"]
[WhiteElo "2616"]
[BlackElo "2673"]
[Annotator "ChessBase"]
[PlyCount "34"]
[EventDate "2019.08.03"]
[EventType "swiss"]
[EventCountry "NED"]
[SourceTitle "playchess.com"]
[Source "ChessBase"]
[SourceQuality "1"]
[TimeControl "40/5400+30:1800+30"]

1. Nf3 Nf6 2. c4 c6 3. Nc3 d5 4. d4 a6 5. a4 e6 6. g3 Nbd7 7. Bg2 Bb4 8. O-O O-O 9. Qc2 a5 10. Rd1 b6 11. Bf4 Ba6 12. cxd5 cxd5 13. Nb5 Rc8 14. Qb3 Ne4 15. Rac1 Qe7 16. Ne1 Nd6 17. Bxd6 Bxd6 1/2-1/2

[Event "23rd Hogeschool Zeeland Open 2019"]
[Site "Vlissingen"]
[Date "2019.08.08"]
[Round "7.2"]
[White "L'Ami, Erwin"]
[Black "Werle, Jan"]
[Result "1/2-1/2"]
[ECO "D38"]
[WhiteElo "2633"]
[BlackElo "2555"]
[Annotator "ChessBase"]
[PlyCount "69"]
[EventDate "2019.08.03"]
[EventType "swiss"]
[EventCountry "NED"]
[SourceTitle "playchess.com"]
[Source "ChessBase"]
[SourceQuality "1"]
[TimeControl "40/5400+30:1800+30"]

1. d4 Nf6 2. c4 e6 3. Nf3 d5 4. Nc3 Bb4 5. cxd5 exd5 6. Bg5 h6 7. Bxf6 Qxf6 8. Qb3 c5 9. e3 O-O 10. dxc5 Bxc3+ 11. Qxc3 Qxc3+ 12. bxc3 Nd7 13. Rd1 Nxc5 14. Rxd5 b6 15. Rd2 Bb7 16. Nd4 Ne4 17. Rc2 Rac8 18. c4 Nd6 19. f3 Ba6 20. Kf2 Bxc4 21. Nf5 Nxf5 22. Bxc4 Nd6 23. Bb3 Rxc2+ 24. Bxc2 Rc8 25. Bb3 Kf8 26. e4 Ke7 27. Rd1 f6 28. Rd5 Nc4 29. Kg3 g6 30. h4 h5 31. Kf4 Ne5 32. Ke3 Rc1 33. Rd1 Rc5 34. Rd5 Rc1 35. Rd1 1/2-1/2

[Event "23rd Hogeschool Zeeland Open 2019"]
[Site "Vlissingen"]
[Date "2019.08.08"]
[Round "7.3"]
[White "Romanishin, Oleg M"]
[Black "Harika, Dronavalli"]
[Result "1/2-1/2"]
[ECO "E62"]
[WhiteElo "2443"]
[BlackElo "2492"]
[Annotator "ChessBase"]
[PlyCount "23"]
[EventDate "2019.08.03"]
[EventType "swiss"]
[EventCountry "NED"]
[SourceTitle "playchess.com"]
[Source "ChessBase"]
[SourceQuality "1"]
[TimeControl "40/5400+30:1800+30"]

1. d4 Nf6 2. Nf3 g6 3. g3 Bg7 4. Bg2 O-O 5. c4 d6 6. O-O Nc6 7. Nc3 e5 8. d5 Nb8 9. c5 Na6 10. cxd6 cxd6 11. a4 Bf5 12. Nh4 1/2-1/2

[Event "23rd Hogeschool Zeeland Open 2019"]
[Site "Vlissingen"]
[Date "2019.08.08"]
[Round "7.4"]
[White "De Jong, Migchiel"]
[Black "Leenhouts, Koen"]
[Result "1/2-1/2"]
[ECO "A31"]
[WhiteElo "2345"]
[BlackElo "2426"]
[Annotator "RC"]
[PlyCount "114"]
[EventDate "2019.08.03"]
[EventType "swiss"]
[EventCountry "NED"]
[SourceTitle "playchess.com"]
[Source "ChessBase"]
[SourceQuality "1"]
[TimeControl "40/5400+30:1800+30"]

1. Nf3 Nf6 2. c4 c5 3. d4 cxd4 4. Nxd4 g6 5. Nc3 d5 6. e3 dxc4 7. Bxc4 Bg7 8. Qa4+ Nc6 9. Nxc6 bxc6 10. Qxc6+ Bd7 11. Qf3 Rc8 12. Qe2 O-O 13. O-O Rc5 14. Bb3 Qb8 15. f3 a5 16. Rd1 Rh5 17. g3 Rc8 18. Bd2 Rcc5 19. Be1 Rce5 20. Rd4 Bc6 21. Rad1 Qb7 22. e4 Rh3 23. Qc4 e6 24. Rd8+ Bf8 25. Qd4 Qc7 26. Ne2 Be8 27. Rc1 Rc5 28. Bc3 e5 29. Qd2 a4 30. Bc2 Bh6 31. f4 Kg7 32. Kg2 Rh5 33. Qd6 Qxd6 34. Rxd6 Ng4 35. h4 a3 36. b4 Rxc3 37. Nxc3 exf4 38. Re1 Ne3+ 39. Rxe3 fxe3 40. Rd5 Rxd5 41. exd5 Kf8 42. Kf3 Ke7 43. Bb3 Kd8 44. Bc4 Kc7 45. Nb1 Bf8 46. Nxa3 Bxb4 47. Nc2 Bc5 48. Nxe3 Kd6 49. Ng4 Bd4 50. Nf2 f5 51. Nd3 h6 52. g4 fxg4+ 53. Kxg4 Bd7+ 54. Kg3 g5 55. hxg5 hxg5 56. Bb3 Bf5 57. Nf2 Bxf2+ 1/2-1/2

[Event "23rd Hogeschool Zeeland Open 2019"]
[Site "Vlissingen"]
[Date "2019.08.08"]
[Round "7.5"]
[White "Ortiz Suarez, Isan Reynaldo"]
[Black "Stillger, Bernhard"]
[Result "1/2-1/2"]
[ECO "E05"]
[WhiteElo "2551"]
[BlackElo "2199"]
[Annotator "ChessBase"]
[PlyCount "106"]
[EventDate "2019.08.03"]
[EventType "swiss"]
[EventCountry "NED"]
[SourceTitle "playchess.com"]
[Source "ChessBase"]
[SourceQuality "1"]
[TimeControl "40/5400+30:1800+30"]

1. Nf3 Nf6 2. c4 e6 3. g3 d5 4. Bg2 Be7 5. O-O O-O 6. d4 dxc4 7. Ne5 Nc6 8. Nxc6 bxc6 9. Na3 Bxa3 10. bxa3 Ba6 11. Qd2 Rb8 12. Qa5 Qc8 13. a4 Rd8 14. Rd1 c3 15. Qxc3 Bxe2 16. Re1 Qa6 17. Bg5 Qc4 18. Qa5 Qxd4 19. Be3 Qc4 20. Bg5 Qd4 21. Rac1 Bd3 22. Be3 Qb4 23. Qxb4 Rxb4 24. Bxc6 Nd5 25. Bxa7 h5 26. Red1 Ba6 27. Rd2 Rc4 28. Rxc4 Bxc4 29. Bb7 Ba6 30. Bxa6 Ra8 31. Bb7 Rxa7 32. Bxd5 exd5 33. Rxd5 Rxa4 34. Rxh5 Rxa2 35. Rc5 Ra7 36. h4 g6 37. Kg2 Kg7 38. g4 Ra4 39. Kg3 Ra3+ 40. f3 Ra7 41. Rc6 Rb7 42. g5 Ra7 43. Kg4 Ra4+ 44. Kg3 Ra7 45. Rc4 Rb7 46. Kg4 Ra7 47. f4 Ra1 48. h5 Rg1+ 49. Kf3 gxh5 50. Rxc7 h4 51. Rc6 h3 52. Rh6 f6 53. Ke4 Kg8 1/2-1/2

[Event "23rd Hogeschool Zeeland Open 2019"]
[Site "Vlissingen"]
[Date "2019.08.08"]
[Round "7.6"]
[White "Ikonnikov, Vyacheslav"]
[Black "Cordes, Hans-Joerg"]
[Result "1-0"]
[ECO "D53"]
[WhiteElo "2499"]
[BlackElo "2178"]
[Annotator "ChessBase"]
[PlyCount "87"]
[EventDate "2019.08.03"]
[EventType "swiss"]
[EventCountry "NED"]
[SourceTitle "playchess.com"]
[Source "ChessBase"]
[SourceQuality "1"]
[TimeControl "40/5400+30:1800+30"]

1. d4 e6 2. c4 Nf6 3. Nf3 d5 4. Nc3 Be7 5. Bg5 h6 6. Bxf6 Bxf6 7. e3 c6 8. Rc1 Nd7 9. a3 O-O 10. h3 g6 11. Bd3 Bg7 12. O-O dxc4 13. Bxc4 e5 14. Ba2 Qe7 15. Qc2 Kh8 16. d5 Nf6 17. e4 Nh5 18. Rfd1 Qf6 19. dxc6 bxc6 20. Ne2 Rb8 21. Rd3 Ba6 22. Rc3 Rb6 23. b4 Rd8 24. Bc4 Bc8 25. Rd1 Rxd1+ 26. Qxd1 Bf8 27. Rd3 Be7 28. Qa1 Bd6 29. Rxd6 Qxd6 30. Nxe5 Qf6 31. g4 Kh7 32. gxh5 Bxh3 33. Bxf7 gxh5 34. Bg6+ Kg7 35. Ng3 Kg8 36. Nxh5 Qg5+ 37. Ng3 c5 38. bxc5 Rxg6 39. Nxg6 Qxg6 40. Qe5 a6 41. Kh2 Bg4 42. Kg2 Bd7 43. f3 Kf7 44. Kf2 1-0

[Event "23rd Hogeschool Zeeland Open 2019"]
[Site "Vlissingen"]
[Date "2019.08.08"]
[Round "7.8"]
[White "Zwirs, Nico"]
[Black "Mesman, Edwyn"]
[Result "1-0"]
[ECO "A16"]
[WhiteElo "2380"]
[BlackElo "2204"]
[Annotator "RC"]
[PlyCount "75"]
[EventDate "2019.08.03"]
[EventType "swiss"]
[EventCountry "NED"]
[SourceTitle "playchess.com"]
[Source "ChessBase"]
[SourceQuality "1"]
[TimeControl "40/5400+30:1800+30"]

1. c4 Nf6 2. Nc3 g6 3. e4 e5 4. Nf3 Bg7 5. Be2 O-O 6. O-O Nc6 7. d3 d6 8. Rb1 h6 9. b4 Bg4 10. Be3 Nd7 11. Qd2 Kh7 12. Ng5+ hxg5 13. Bxg4 f5 14. exf5 gxf5 15. Bxg5 Qe8 16. Bh3 Qg6 17. f4 Nd4 18. Nd5 exf4 19. Bxf4 Rae8 20. Rbe1 Ne5 21. Kh1 c6 22. Ne3 Kg8 23. c5 d5 24. Nc2 Nb5 25. Bxe5 Rxe5 26. Rxe5 Bxe5 27. d4 Bg7 28. Qd3 Qg5 29. Bxf5 Kh8 30. a4 Nc7 31. Ne3 Re8 32. Ng4 Qh4 33. g3 Qg5 34. Kg2 Qe7 35. Rf2 Na6 36. b5 Nb4 37. Qd2 Qe1 38. Qg5 1-0

[Event "23rd Hogeschool Zeeland Open 2019"]
[Site "Vlissingen"]
[Date "2019.08.08"]
[Round "7.9"]
[White "Van Baar, Esper"]
[Black "Grochal, Joey"]
[Result "1/2-1/2"]
[ECO "B48"]
[WhiteElo "2108"]
[BlackElo "2313"]
[Annotator "ChessBase"]
[PlyCount "81"]
[EventDate "2019.08.03"]
[EventType "swiss"]
[EventCountry "NED"]
[SourceTitle "playchess.com"]
[Source "ChessBase"]
[SourceQuality "1"]
[TimeControl "40/5400+30:1800+30"]

1. e4 c5 2. Nf3 e6 3. d4 cxd4 4. Nxd4 Nc6 5. Nc3 Qc7 6. Be3 a6 7. Qf3 b5 8. Nxc6 Qxc6 9. Bd3 Ba3 10. Bc1 Be7 11. Qg3 Bb7 12. f3 b4 13. Ne2 Nf6 14. e5 Nh5 15. Qg4 g6 16. Be3 Qc7 17. Qd4 Rc8 18. Ng3 Bc5 19. Qxc5 Qxc5 20. Bxc5 Rxc5 21. Nxh5 Rxe5+ 22. Kf2 Rxh5 23. a3 bxa3 24. Rxa3 Ke7 25. Rb3 Bd5 26. Ra3 Rc8 27. Rxa6 Bc4 28. Bxc4 Rxc4 29. c3 Rb5 30. Ra2 d5 31. Ke3 e5 32. Kd3 h5 33. Re1 Ke6 34. Ra6+ Kf5 35. b4 Rh4 36. h3 f6 37. g4+ Kg5 38. Rg1 hxg4 39. Rxg4+ Rxg4 40. hxg4 Rb8 41. Rd6 1/2-1/2

[Event "23rd Hogeschool Zeeland Open 2019"]
[Site "Vlissingen"]
[Date "2019.08.08"]
[Round "7.11"]
[White "Lacrosse, Marc"]
[Black "Elgersma, Onno"]
[Result "0-1"]
[ECO "D24"]
[WhiteElo "2189"]
[BlackElo "2232"]
[Annotator "ChessBase"]
[PlyCount "42"]
[EventDate "2019.08.03"]
[EventType "swiss"]
[EventCountry "NED"]
[SourceTitle "playchess.com"]
[Source "ChessBase"]
[SourceQuality "1"]
[TimeControl "40/5400+30:1800+30"]

1. d4 Nf6 2. c4 e6 3. Nf3 d5 4. Bg5 dxc4 5. Nc3 a6 6. a4 Nc6 7. e3 Na5 8. Nd2 c5 9. Nxc4 cxd4 10. Bxf6 Qxf6 11. Qxd4 Nxc4 12. Bxc4 Bd7 13. O-O Qxd4 14. exd4 Rc8 15. Bb3 Bb4 16. Rac1 O-O 17. Rfd1 Rfd8 18. Kf1 h6 19. Ke2 Ba5 20. Ne4 Bc6 21. Ke3 Bb6 0-1